 Dungeon Crawl Stone Soup version 0.28.0 (webtiles) character file.

Game seed: 7574307856784454834

2966 RighteousDevil the Chopper (level 9, 0/105 HPs)
             Began as a Palentonga Arcane Marksman on Feb 9, 2022.
             Was a Priest of Trog.
             Killed by divine providence
             ... invoked by an orc priest
             ... summoned by a kobold
              (12 damage)
             ... in a bailey.
             The game lasted 00:17:57 (7120 turns).

RighteousDevil the Chopper (PaAM)                   Turns: 7120, Time: 00:17:58

Health: 0/105      AC: 17    Str: 18    XL:     9   Next: 52%
Magic:  11/11      EV:  9    Int: 14    God:    Trog [***...]
Gold:   363        SH:  0    Dex: 16    Spells: 9/10 levels left

rFire   . . .      SeeInvis +   B - +2 broad axe (vorpal)
rCold   . . .      Faith    .   (no shield)
rNeg    . . .      Spirit   .   g - +2 ring mail {Will+}
rPois   .          Reflect  .   (no helmet)
rElec   .          Harm     .   l - +0 cloak
rCorr   .          Rampage  .   f - +0 pair of gloves
Will    +++..                   (no barding)
Stlth   ..........              (no amulet)
HPRegen 1.27/turn               p - ring of flight
MPRegen 0.12/turn               u - +6 ring of dexterity

@: berserking, strong-willed, flying, regenerating, curled up, very quick
A: large, rugged brown scales 3, see invisible, deformed body, roll 1, armoured
tail, reflexive curl
a: Rolling Charge, Renounce Religion, Berserk, Trog's Hand


You were in a bailey.
You worshipped Trog.
Trog was most pleased with you.
You visited 2 branches of the dungeon, and saw 8 of its levels.
You also visited: Bailey.

You collected 363 gold pieces.

Inventory:

Hand Weapons
 a - a +0 hand crossbow
 b - a +2 dagger of electrocution
 r - a +1 dagger of venom
 A - a +0 scimitar
 B - a +2 vorpal broad axe (weapon)
Missiles
 c - 50 bolts
 y - a throwing net
Armour
 f - a +0 pair of gloves (worn)
 g - a +2 ring mail of willpower (worn)
 l - a +0 cloak (worn)
Jewellery
 h - a ring of positive energy
 i - a ring of protection from fire
 k - a ring of ice
 p - a ring of flight (left hand)
 u - a +6 ring of dexterity (right hand)
 w - a ring of ice
Wands
 q - a wand of paralysis (7)
 v - a wand of flame (24)
 x - a wand of charming (5)
Scrolls
 e - 2 scrolls of teleportation
Potions
 d - a potion of ambrosia {unknown}
 j - a potion of might {unknown}
 m - a potion of flight {unknown}
 n - a potion of attraction {unknown}
 o - a potion of mutation {unknown}
 s - 3 potions of brilliance {unknown}
 t - a potion of haste {unknown}
 z - a potion of curing


   Skills:
 - Level 4.4 Fighting
 - Level 2.0(4.8) Short Blades
 - Level 7.0(7.1) Long Blades
 + Level 7.9 Axes
 - Level 2.2 Crossbows
 - Level 3.1 Armour
 - Level 2.1 Dodging
 - Level 1.0 Spellcasting
 - Level 3.0 Hexes
 - Level 3.8 Invocations


You had 9 spell levels left.
You knew the following spells:

 Your Spells              Type           Power      Damage    Failure   Level
a - Slow                  Hex            36%        N/A       13%         1

Your spell library contained the following spells:

 Spells                   Type           Power      Damage    Failure   Level
 Corpse Rot               Necr/Air       0%         N/A       56%         2
 Inner Flame              Hex/Fire       4%         N/A       58%         3
 Portal Projectile        Hex/Tloc       8%         N/A       58%         3
 Cause Fear               Hex            4%         N/A       78%         4
 Dispel Undead            Necr           0%         3d6       99%         4
 Death Channel            Necr           0%         N/A       100%        6


Dungeon Overview and Level Annotations

Branches:
Dungeon (7/15)             Temple (1/1) D:6          Bailey (1/1)

Altars:
Ashenzari
Cheibriados
Dithmenos
Elyvilon
Fedhas
Gozag
Hepliaklqana
Kikubaaqudgha
Makhleb
Nemelex Xobeh
Okawaru
Qazlal
Ru
Sif Muna
Trog
Uskayaw
Vehumet
Wu Jian
Xom
Yredelemnul
Zin
The Shining One


Innate Abilities, Weirdness & Mutations

You are completely covered in rugged brown scales. (AC +3, +7% HP)
You have supernaturally acute eyesight. (SInv)
Armour fits poorly on your strangely shaped body.
You can roll at nearby foes to attack.
You have a long armoured tail.
You curl defensively after being hit. (AC +7*)


Message History

Your orc hits the orc warrior but does no damage. x2
Your orc closely misses the gnoll.
The orc warrior completely misses you.
A red film seems to cover your vision as you go berserk!
You feel yourself moving faster!
You feel mighty!
The orc wizard hits your orc with a +0 dagger.
The gnoll hits you but does no damage.
The orc warrior hits you from afar with a +0 glaive!
The gnoll barely misses your orc.
Your orc barely misses the orc wizard.
Your orc hits the gnoll with a +0 hand axe.
Your orc hits the orc warrior but does no damage. x2
The orc warrior hits you with a +0 scimitar!
Unknown command.
You hit the orc warrior but do no damage.
Your tail-slap misses the orc warrior.
The orc warrior is severely wounded.
The orc wizard hits your orc but does no damage.
The gnoll hits you from afar with a +0 halberd!
The orc warrior hits you but does no damage.
The gnoll hits your orc with a +0 hand axe.
Your orc dies!
You completely miss the orc warrior.
The orc warrior is severely wounded.
The orc warrior hits you with a +0 scimitar!
* * * LOW HITPOINT WARNING * * *
Unknown command.
You barely miss the orc wizard.
The orc wizard is moderately wounded.
The orc priest shouts!
You hit the orc warrior.
You hear a shout! x2
The orc priest looks braver for a moment.
The gnoll barely misses you. The orc warrior closely misses you.
The orc warrior hits you with a +0 scimitar!
* * * LOW HITPOINT WARNING * * *
The orc wizard hits you but does no damage.
You are too berserk!
The orc dissolves into shadows!
The orc priest invokes the aid of Beogh against you.
Beogh smites you!
You die...

8##....#.....♣♣
.#.....'......♣
o#.....'(o.∩.∩♣
.#....o(gK....♣
8##....#.ogo.♣♣
!≈#..o.##goK.♣
= #.oo. ##oog♣
#o... ##≈≈♣
#K.g.. #@≈♣
g.o8o. #≈≈♣
#≈≈♣ ##≈≈♣
##≈≈≈♣ ##≈≈≈♣♣
##≈≈≈♣♣ #≈≈≈♣♣
♣♣♣♣♣


You could see 3 orc warriors, an orc priest (summoned), an orc wizard (summoned,
invisible), 4 gnolls, an orc (summoned) and 2 kobolds.

Vanquished Creatures
  A two-headed ogre (D:5)
  A water moccasin (D:5)
  3 orc warriors
  2 sky beasts (D:5)
  A necrophage (D:6)
  A hornet zombie (D:6)
  An ogre (D:4)
  2 phantoms (D:5)
  3 scorpions
  A wyvern skeleton (D:6)
  A water moccasin skeleton (D:5)
  4 wights (D:7)
  A howler monkey (D:4)
  A bullfrog zombie (D:5)
  A centaur zombie (D:6)
  A gnoll shaman (D:7)
  3 hounds
  2 orc priests
  3 jellies (D:5)
  Ijyb (D:3)
  Terence (D:2)
  3 iguanas
  4 orc wizards
  A killer bee zombie (D:5)
  A hound skeleton (D:4)
  5 adders
  13 gnolls
  A howler monkey skeleton (D:6)
  A white imp (D:4)
  An adder skeleton (D:4)
  2 worms
  6 dart slugs
  16 orcs
  8 ball pythons
  6 bats
  10 endoplasms
  3 giant cockroaches
  11 goblins
  7 hobgoblins
  4 jackals (D:1)
  4 quokkas
  6 frilled lizards
  7 kobolds
  7 rats
162 creatures vanquished.

Vanquished Creatures (others)
  An orc (Bailey)
1 creature vanquished.

Grand Total: 163 creatures vanquished

Notes
Turn   | Place    | Note
-------+----------+-------------------------------------------
     0 | D:1      | RighteousDevil the Palentonga Arcane Marksman began the
                  | quest for the Orb.
     0 | D:1      | Reached XP level 1. HP: 16/16 MP: 2/2
   230 | D:1      | Found a faded altar of an unknown god.
   235 | D:1      | Reached XP level 2. HP: 22/22 MP: 3/3
   244 | D:1      | Prayed at the altar of an unknown god.
   244 | D:1      | Became a worshipper of Trog the Wrathful
   244 | D:1      | Reached * piety under Trog
   736 | D:1      | Reached XP level 3. HP: 28/28 MP: 4/4
   844 | D:2      | Reached ** piety under Trog
  1027 | D:2      | Reached skill level 1 in Short Blades
  1407 | D:2      | Noticed Terence
  1423 | D:2      | Killed Terence
  1424 | D:2      | Reached XP level 4. HP: 13/36 MP: 5/5
  1818 | D:3      | Reached skill level 1 in Armour
  2106 | D:3      | Reached XP level 5. HP: 9/41 MP: 6/6
  2578 | D:3      | Reached skill level 1 in Invocations
  2608 | D:3      | Noticed Ijyb
  2616 | D:3      | Killed Ijyb
  3097 | D:4      | Reached XP level 6. HP: 50/50 MP: 7/7
  3531 | D:4      | Reached *** piety under Trog
  3616 | D:4      | Noticed an orc warrior
  3619 | D:4      | Gained mutation: You curl defensively after being hit. (AC
                  | +7*) [Palentonga growth]
  3619 | D:4      | Reached XP level 7. HP: 28/57 MP: 9/9
  4176 | D:5      | Entered Level 5 of the Dungeon
  4229 | D:5      | Reached skill level 1 in Long Blades
  4427 | D:5      | Noticed a two-headed ogre
  4455 | D:5      | Killed a two-headed ogre
  4456 | D:5      | Reached XP level 8. HP: 65/65 MP: 10/10
  5095 | D:5      | Reached XP level 9. HP: 53/70 MP: 11/11
  5096 | D:5      | Reached skill level 5 in Axes
  5658 | D:6      | Found a staircase to the Ecumenical Temple.
  5666 | Temple   | Entered the Ecumenical Temple
  5984 | D:6      | Found a glowing golden altar of the Shining One.
  7021 | D:7      | Found a flagged portal.
  7030 | Bailey   | Entered a bailey
  7100 | Bailey   | Noticed an orc warlord
  7120 | Bailey   | Killed from afar by an orc priest

Illustrated notes

Levels and vault maps discovered:
D:1:      psy_arrival_statuary, layout_rooms,
          shapermc_ecumenical_altar_notcrosses
D:2:      layout_rooms, uniq_terence
D:3:      layout_loops_ring, columned_hall_lemuel, uniq_ijyb
D:4:      minmay_evil_eye, layout_loops_ring, hangedman_decor_peaks_small,
          guppyfry_early_orc_mine
D:5:      layout_basic
D:6:      layout_layer_cave, tso_metal_star,
          minmay_temple_entry_drinking_statues
D:7:      layout_loops_corners, enter_bailey_8
Temple:   regret_index_temple_sigil_plot
Bailey:   bailey_axe_bossmonster_kennysheep, bailey

Skill      XL: |  1  2  3  4  5  6  7  8  9 |
---------------+----------------------------+-----
Dodging        | 2 |  2.1
Crossbows      | 2 |  2.2
Fighting       | 2 3 4 |  4.4
Short Blades   | 1 2 |  2.0
Armour         | 1 2 3 |  3.1
Invocations    | 2 3 |  3.8
Long Blades    | 6 7 |  7.0
Axes           | 4 7 |  7.9
Spellcasting   | |  1.0
Hexes          | |  3.0

Action                   |  1- 3 |  4- 6 |  7- 9 || total
-------------------------+-------+-------+-------++-------
Melee: Dagger            |    51 |   127 |    92 ||   270
       Tailslap          |     4 |    17 |    32 ||    53
       Punch             |     1 |     3 |     4 ||     8
       Broad axe         |       |       |   114 ||   114
 Fire: Hand crossbow     |    74 |    25 |       ||    99
Invok: Berserk           |       |     3 |     5 ||     8
       Trog's Hand       |       |     2 |     7 ||     9
 Abil: Rolling Charge    |     4 |     1 |     8 ||    13
Evoke: Wand              |       |       |     3 ||     3
  Use: Scroll            |     4 |     2 |     2 ||     8
       Potion            |       |     1 |     5 ||     6
 Stab: Paralysed         |       |       |     3 ||     3
Armor: Robe              |    39 |       |       ||    39
       Scale mail        |     5 |       |       ||     5
       Ring mail         |       |    67 |   108 ||   175
Dodge: Dodged            |    49 |    43 |   111 ||   203
